Map: Central Protocol

Players

Kelazhur - Winner!

  • Race: Terran Terran
  • League: Master

AcerNerchio (Nerchio)

  • Race: Zerg Zerg

Event: Gauntlet Monday Night

VOD

Have the link to the VOD?

Description

Time

  • Played on: Jan. 4, 2016, 12:20 p.m.
  • Length: 8:03

All games in this series

Show
View Real Time Build Order
Export as new Build Order

Kelazhur Terran - Winner!

Build Orders: 3 Rax Reaper, MMM Bio 

Get SALT Encoding   

  12  0:00  SCV  
  13  0:13  SCV  
  14  0:17  Supply Depot  
  14  0:25  SCV  
  15  0:38  SCV  
  15  0:39  Barracks  
  16  0:44  Refinery  
  16  0:50  SCV  
  17  1:00  Barracks  
  17  1:03  SCV  
  18  1:15  SCV  
  19  1:22  Barracks  
  19  1:28  Reaper  
  19  1:31  Refinery  
  20  1:43  Orbital Command  
  20  1:47  Reaper  
  21  1:57  Supply Depot  
  21  2:01  Reaper  
  22  2:10  Reaper  
  23  2:19  SCV  
  23  2:20  Reaper  
  25  2:33  SCV, Reaper  
  27  2:45  SCV, Reaper  
  29  2:55  Reaper  
  29  2:58  SCV  
  31  3:16  Command Center  
  31  3:18  Supply Depot  
  31  3:27  Barracks Tech Lab  
  31  3:28  Barracks Reactor  
  31  3:31  Barracks Tech Lab  
  31  3:39  SCV  
  32  3:48  Marauder  
  34  3:51  SCV  
  34  3:52  Supply Depot, Factory  
  35  3:56  Marauder  
  35  3:57  Stimpack  
  37  4:03  SCV  
  37  4:04  Marine  
  39  4:13  Marine  
  39  4:14  Marauder  
  40  4:18  SCV  
  40  4:22  Marauder  
  42  4:31  SCV, Reaper  
  42  4:33  Marine  
  42  4:34  Orbital Command  
  44  4:40  Combat Shields  
  44  4:46  SCV  
  44  4:52  Marine x3  
  47  4:53  Starport  
  47  4:56  Factory Reactor  
  47  5:09  Marine x2  
  47  5:11  SCV  
  47  5:13  Bunker  
  50  5:17  Marauder x2  
  50  5:18  Orbital Command  
  54  5:32  Marine x2  
  55  5:36  Supply Depot  
  55  5:37  SCV  
  55  5:47  Marauder x2  
  55  5:49  SCV x2  
  61  5:55  Marine  
  62  5:57  Medivac, Marine  
  62  5:59  Medivac  
  62  6:04  SCV  
  68  6:11  Marauder  
  70  6:12  Supply Depot  
  70  6:14  Supply Depot  
  70  6:23  Supply Depot  
  70  6:30  SCV, Marine  
  70  6:33  Concussive Shells, Marine  
  70  6:34  Marauder x2  
  75  6:40  SCV  
  75  6:41  Refinery x2  
  75  6:43  SCV  
  77  6:48  Marine  
  77  6:52  Medivac  
  77  6:53  Medivac  
  82  6:56  SCV  
  83  7:04  Supply Depot, SCV  
  83  7:08  SCV  
  85  7:10  Marine x2  
  85  7:11  Marauder x2  
  91  7:16  SCV  
  91  7:19  Command Center  
  91  7:20  SCV  
  93  7:23  Factory Tech Lab  
  93  7:29  SCV, Marine x2  
  95  7:32  Marauder x2  
  95  7:35  Supply Depot  
Show
View Real Time Build Order
Export as new Build Order

AcerNerchio Zerg 

Build Orders: Hatch First 

Get SALT Encoding   

  12  0:01  Drone  
  13  0:12  Overlord  
  13  0:17  Drone  
  14  0:31  Drone x2  
  14  0:35  Drone  
  17  0:53  Hatchery  
  17  0:56  Drone  
  17  1:00  Drone  
  18  1:14  Spawning Pool  
  18  1:17  Drone  
  18  1:20  Drone  
  18  1:22  Extractor  
  18  1:28  Drone  
  19  1:40  Overlord  
  19  2:01  Queen, Zergling x4  
  21  2:05  Zergling x2, Queen  
  26  2:11  Drone  
  27  2:16  Roach Warren  
  27  2:19  Drone  
  26  2:30  Spore Crawler, Drone  
  26  2:52  Zergling x2  
  26  2:56  Roach x5  
  36  3:05  Roach  
  35  3:09  Roach  
  36  3:12  Roach  
  34  3:26  Drone  
  34  3:27  Drone  
  36  3:28  Overlord  
  36  3:35  Overlord  
  36  3:47  Drone x3  
  38  3:49  Drone  
  38  3:52  Drone  
  40  3:56  Drone  
  40  3:58  Drone  
  40  3:59  Drone  
  43  4:07  Queen  
  43  4:20  Drone x3  
  44  4:28  Drone  
  43  4:31  Drone x2  
  45  4:38  Queen  
  45  4:41  Drone  
  45  4:42  Drone  
  49  4:53  Drone x2  
  51  5:03  Overlord  
  51  5:04  Overlord  
  51  5:06  Hatchery  
  50  5:13  Drone  
  51  5:21  Overlord, Queen  
  51  5:23  Drone x2, Extractor  
  51  5:24  Drone  
  51  5:26  Drone  
  56  5:28  Drone  
  56  5:35  Drone  
  58  5:40  Drone, Extractor  
  58  5:41  Evolution Chamber  
  58  5:42  Evolution Chamber  
  56  5:45  Drone  
  56  5:46  Lair  
  57  5:50  Drone  
  57  5:52  Drone x3  
  59  5:58  Roach  
  59  6:03  Roach  
  63  6:08  Roach  
  65  6:11  Queen  
  65  6:15  Overlord  
  67  6:20  Ravager, Roach x2  
  67  6:22  Overlord x3  
  71  6:35  Roach x3  
  71  6:36  Roach  
  71  6:39  Roach  
  81  6:43  Queen  
  81  6:47  Extractor, Queen  
  83  6:48  Queen  
  86  7:00  Drone x7  
  93  7:05  Drone x4  
  97  7:13  Overlord  
  97  7:16  Overlord  
  97  7:30  Overlord  
  97  7:35  Roach x4  
  107  7:37  Roach  
  107  7:40  Roach x2  
Tags
 
Add a new tag
Caveats
  • Supply blocks, unpowered buildings, or Contaminate may cause inaccurate times.
  • Supply counts are checked every 10 seconds.